AoeStats
← KDA HDT

Lombardia

507914423Analyzed
3v3 RM · 13d ago on Sep 20, 2026· 42m 22s· 6 players
Game mode
Random Map
Map size
Normal (6 player)
Population
200
Speed
Normal
Resources
Standard
Victory
Conquest
Starting age
Dark Age
Ending age
Imperial Age
RankedLock teamsTeams togetherTeam positionsShared explorationLock speedFull tech treeHidden civsTurbo modeCheats
Victory
Defeat
🇬🇹 Vietnamese · Guatemala
1734
+19
🇦🇷 Tupi · Argentina
1678
+21
🇹🇼 Dravidians · Taiwan
1664
+22
🇻🇳 Franks · Vietnam
1822
-22
🇻🇳 Slavs · Vietnam
1794
-21
🇺🇸 Gurjaras · United States
1762
-19
P0rr1dg3
9:20 Loom
11:05 Feudal Age
15:30 Castle Age
13:39 Double-Bit Axe
14:32 Fletching
14:57 Horse Collar
16:04 Gold Mining
17:02 Bow Saw
21:55 Wheelbarrow
22:14 Heavy Plow
23:23 Bodkin Arrow
25:43 Husbandry
26:43 Devotion
27:52 Ballistics
28:09 Padded Archer Armor
29:13 Hand Cart
32:08 Sanctity
36:55 Stone Mining
42:07 Imperial Age
39:22 Town Watch
39:14 Pikeman
39:55 Squires
39:55 Scale Mail Armor
40:06 Forging
41:01 Chain Mail Armor
42:15 Halberdier
43:26 Plate Mail Armor
43:32 Iron Casting
43:21 Conscription
NoSoyNobu
10:34 Feudal Age
11:23 Loom
12:25 Double-Bit Axe
14:46 Castle Age
12:46 Horse Collar
14:40 Fletching
16:16 Bodkin Arrow
16:43 Bow Saw
19:41 Bodkin Arrow
23:21 Heavy Plow
23:12 Gold Mining
25:53 Wheelbarrow
26:53 Ballistics
26:48 Padded Archer Armor
28:37 Leather Archer Armor
30:09 Hand Cart
34:19 Imperial Age
31:58 Town Watch
33:09 Gold Shaft Mining
32:24 Stone Mining
34:07 Elite Skirmisher
35:11 Bracer
35:23 Curare
35:39 Conscription
35:58 Ring Archer Armor
36:29 Chemistry
35:33 Imperial Skirmisher
35:34 Crossbowman
35:48 Pikeman
36:28 Squires
36:36 Arbalester
38:31 Curare
Sarin
6:37 Loom
8:53 Feudal Age
9:31 Double-Bit Axe
12:29 Horse Collar
14:52 Wheelbarrow
19:24 Castle Age
17:34 Gold Mining
20:53 Bow Saw
20:44 Heavy Plow
28:21 Hand Cart
32:59 Imperial Age
31:03 Bloodlines
30:59 Scale Barding Armor
31:04 Forging
31:43 Stone Mining
32:04 Stone Mining
32:35 Chain Barding Armor
32:19 Husbandry
34:12 Iron Casting
33:34 Town Watch
34:22 Crop Rotation
34:52 Two-Man Saw
33:54 Elite Battle Elephant
35:22 Plate Barding Armor
35:13 Light Cavalry
41:05 Chatras
KDA HDT
10:26 Feudal Age
14:25 Castle Age
12:54 Double-Bit Axe
13:04 Horse Collar
16:36 Bow Saw
18:35 Loom
22:00 Heavy Plow
21:49 Town Watch
22:40 Wheelbarrow
26:36 Scale Barding Armor
26:41 Forging
26:23 Gold Mining
27:23 Bloodlines
27:13 Husbandry
28:45 Sanctity
29:00 Chain Barding Armor
29:53 Iron Casting
34:03 Imperial Age
31:59 Detinets
34:08 Elite Boyar
36:02 Blast Furnace
35:28 Conscription
36:36 Coinage
37:22 Fletching
38:12 Plate Barding Armor
BB3097790
10:36 Feudal Age
11:14 Double-Bit Axe
11:12 Horse Collar
18:13 Castle Age
19:30 Bow Saw
19:36 Heavy Plow
20:13 Sanctity
21:01 Loom
21:51 Wheelbarrow
21:02 Town Watch
21:53 Stone Mining
33:08 Imperial Age
30:58 Hand Cart
31:09 Fletching
31:20 Padded Archer Armor
31:59 Thumb Ring
32:40 Bodkin Arrow
33:00 Leather Archer Armor
33:11 Ballistics
34:56 Crop Rotation
34:49 Conscription
35:20 Kshatriyas
36:47 Chemistry
37:46 Bloodlines
37:37 Husbandry
37:40 Heavy Camel Rider
38:56 Scale Barding Armor
39:01 Forging
40:13 Chain Barding Armor
chuoi
9:22 Feudal Age
8:23 Loom
9:52 Double-Bit Axe
19:19 Castle Age
18:50 Scale Barding Armor
19:27 Light Cavalry
32:59 Town Watch
35:12 Wheelbarrow
37:31 Gold Mining
42:14 Imperial Age
39:09 Pikeman
39:49 Squires
39:51 Scale Mail Armor
40:01 Forging
41:52 Chain Mail Armor
44:25 Imperial Age
Connection lost

Rejoining the realm…

Still unreachable

The connection could not be restored.

Session expired

The server has moved on; the page needs a fresh start.